 Dungeon Crawl Stone Soup version 0.16.2-12-gd0ad4c3 (webtiles) character file.

74 SlimeFever the Insei (level 4, -3/35 HPs)
             Began as a Human Monk on Oct 1, 2015.
             Was a Follower of the Shining One.
             Slain by an adder (4 damage)
             ... on level 3 of the Dungeon.
             The game lasted 00:25:53 (2899 turns).

SlimeFever the Insei (Human Monk)                   Turns: 2899, Time: 00:25:54

Health: -3/35      AC:  9    Str: 14    XL:     4   Next: 52%
Magic:  1/4        EV: 12    Int: 11    God:    the Shining One [*.....]
Gold:   126        SH:  6    Dex: 16    Spells: 0 memorised, 3 levels left

rFire  . . .     SeeInvis .     a - +0 spear
rCold  . . .     Clarity  .     e - +0 ring mail
rNeg   . . .     SustAb   .     (no shield)
rPois  .         Gourm    .     (no helmet)
rElec  .         Spirit   .     (no cloak)
rCorr  .         Warding  .     w - +0 pair of gloves
rMut   .         Stasis   .     c - +2 pair of boots
MR     .....                    (no amulet)
Stlth  +.........               (no ring)
                                j - +3 ring of strength

@: divine shield, flying, glowing, not resistant to hostile enchantments, very
unstealthy
A: no striking features
a: Renounce Religion


You were on level 3 of the Dungeon.
You worshipped the Shining One.
The Shining One was aware of your devotion.
You were near starving.

You visited 1 branch of the dungeon, and saw 3 of its levels.

You collected 126 gold pieces.

Inventory:

Hand weapons
 a - a +0 spear (weapon)
 b - a +1 hunting sling
 q - a +2 dagger of venom
Missiles
 d - 17 bolts
 i - 18 arrows of flame
 k - 12 sling bullets
 n - 63 stones (quivered)
 o - 19 arrows
Armour
 c - a +2 pair of boots (worn)
 e - a +0 ring mail (worn)
 w - a +0 pair of gloves (worn)
Jewellery
 j - a +3 ring of strength (left hand)
Scrolls
 f - a scroll of enchant armour
 g - a scroll of enchant weapon
 h - a scroll of identify
 m - 3 scrolls of teleportation
Comestibles
 p - 2 bread rations


   Skills:
 + Level 3.2 Fighting
   Level 0.4 Maces & Flails
 + Level 0.6 Throwing
 * Level 2.0 Armour
 + Level 3.7 Dodging
 - Level 2.0 Stealth
 + Level 4.1 Unarmed Combat


You had 3 spell levels left.
You didn't know any spells.

Dungeon Overview and Level Annotations

Branches:
Dungeon (3/15)

Altars:
Cheibriados
Elyvilon
Gozag
Kikubaaqudgha
Ru
Zin
The Shining One

Annotations:
D:3 Sigmund


Message History

Use which ability? (? or * to list)
Your divine shield is renewed.
You are near starving!
You can no longer call upon the Shining One for a divine shield.
The adder bites you.
* * * LOW HITPOINT WARNING * * *
You hit the adder.
The adder is heavily wounded.
The adder bites you.
* * * LOW HITPOINT WARNING * * *
Your ring mail prevents you from hitting the adder.
The adder is heavily wounded.
The adder barely misses you. The adder bites you but does no damage.
You hit the adder.
You kill the adder!
Your Armour skill increases to level 2!
You hit the adder.
The adder is lightly wounded.
The adder bites you.
You die...

###,* *,.....,,,,****,*****
,,,,** *,....$,,,,* *,,,,,*
,,,,,* *,....$,,,,********,***
,,,#,* **#....,,,,,,,,,,,,>,,*
,,,#.#######.#.#*,********,,,,,*
.,,#.........#.#*,,,,,,,**,,,,,*
.............#.#*******,**,,,,,*
.**#.........#.########.#*,,,,,*
,* #..........rS@.......#*,,,,,*
,* #........#..##########*,,,,,*
,* #........#..#****************
,* #........#....,,,,,,,,,* ,*
*.######..#.###*******,*
####.#*##*##.#.# *,*
.....#...**#.#.#*********,*******
..........,.....,,,,,,,,,,,*,,,,,
....##...***.#..,,**********,****


You could see an adder and a quokka.

Vanquished Creatures
  An adder (D:3)
  3 worms (D:2)
  2 giant geckos (D:2)
  2 giant cockroaches
  5 goblins
  8 hobgoblins
  7 jackals
  4 kobolds
  A quokka (D:2)
  2 bats (D:1)
  4 giant newts
  7 rats
46 creatures vanquished.

Vanquished Creatures (others)
  A human (D:2)
1 creature vanquished.

Grand Total: 47 creatures vanquished

Notes
Turn   | Place    | Note
--------------------------------------------------------------
     0 | D:1      | SlimeFever, the Human Monk, began the quest for the Orb.
     0 | D:1      | Reached XP level 1. HP: 18/18 MP: 1/1
   310 | D:1      | Reached XP level 2. HP: 13/24 MP: 2/2
   678 | D:1      | Reached skill level 1 in Armour
   870 | D:1      | Reached XP level 3. HP: 20/29 MP: 3/3
  1711 | D:2      | Found an ancient bone altar of Kikubaaqudgha.
  1713 | D:2      | Noticed a human
  1715 | D:2      | Killed a human
  1848 | D:2      | Reached XP level 4. HP: 18/35 MP: 4/4
  1894 | D:2      | Found a white marble altar of Elyvilon.
  1894 | D:2      | Found a glowing golden altar of the Shining One.
  1894 | D:2      | Found a glowing silver altar of Zin.
  1910 | D:2      | Became a worshipper of the Shining One
  1910 | D:2      | Acquired the Shining One's first power
  1910 | D:2      | Acquired the Shining One's second power
  2503 | D:2      | Found an opulent altar of Gozag.
  2503 | D:2      | Found a sacrificial altar of Ru.
  2506 | D:2      | Found a snail-covered altar of Cheibriados.
  2860 | D:3      | Noticed Sigmund
  2896 | D:3      | HP: 1/35 [adder (4)]
  2899 | D:3      | Slain by an adder

Action                   |  1- 3 |  4- 6 || total
-------------------------+-------+-------++-------
Melee: Club              |    39 |       ||    39
       Unarmed           |    28 |       ||    28
       Whip              |    78 |       ||    78
       Dagger            |     3 |       ||     3
       Spear             |    22 |    56 ||    78
Throw: Stone             |    59 |       ||    59
Invok: Divine Shield     |       |     2 ||     2
  Use: Scroll            |     3 |     6 ||     9
       Potion            |       |     3 ||     3
 Stab: Sleeping          |     1 |       ||     1
  Eat: Meat ration       |     1 |       ||     1
